 Dungeon Crawl Stone Soup version 0.32-a0-961-gd60f5e5fc7 (webtiles) character file.

Game seed: 2159274305078306211

4 PriceMaster the Apothecary (level 1, -1/9 HPs)
             Began as a Spriggan Alchemist on Apr 18, 2024.
             Slain by a quokka (4 damage)
             ... on level 1 of the Dungeon.
             The game lasted 00:00:11 (71 turns).

PriceMaster the Apothecary (Spriggan Alchemist)       Turns: 71, Time: 00:00:13

Health: -1/9       AC:  2    Str:  4    XL:     1   Next: 50%
Magic:  4/5        EV: 16    Int: 16    God:
Gold:   7          SH:  0    Dex: 15    Spells: 4/5 levels left

rFire   . . .        (weapon restricted)
rCold   . . .        (no shield)
rNeg    . . .        a - +0 robe
rPois   .            (helmet restricted)
rElec   .            (no cloak)
rCorr   .            (gloves unavailable)
SInv    +            (boots unavailable)
Will    .....        (no amulet)
Stlth   ++           (no ring)
HPRegen 0.21/turn    (no ring)
MPRegen 0.09/turn

%: no passive effects
@: very quick
A: very small, no large weapons, unfitting armour, see invisible, speed 3
a: no special abilities


You were on level 1 of the Dungeon.
You visited 1 branch of the dungeon, and saw 1 of its levels.

You collected 7 gold pieces.

Inventory:

Armour
 a - a +0 robe (worn)
Potions
 b - a potion of magic


   Skills:
 + Level 2.6 Dodging
 + Level 3.0 Stealth
 + Level 2.8 Spellcasting
 + Level 0.6 Conjurations
 + Level 3.5 Alchemy


You had 4 spell levels left.
You knew the following spells:

 Your Spells              Type           Power      Damage    Failure   Level
a - Sting                 Conj/Alch      32%        1d5       9%          1

Your spell library contained the following spells:

 Spells                   Type           Power      Damage    Failure   Level
 Mercury Vapours          Alch/Air       14%        N/A       14%         2
 Lesser Beckoning         Tloc           4%         N/A       28%         2
 Mephitic Cloud           Conj/Alch/Air  6%         N/A       32%         3
 Olgreb's Toxic Radiance  Alch           13%        N/A       41%         4
 Maxwell's Portable Pile  Tloc           2%         2d(5-14)  50%         3
 Teleport Other           Tloc           2%         N/A       50%         3
 Sticky Flame             Fire/Alch      7%         2d4       67%         4


Dungeon Overview and Level Annotations

Branches:
Dungeon (1/15)

Altars:


Innate Abilities, Weirdness & Mutations

You are very small and have problems with some larger weapons.
You are too small for most types of armour.
You have supernaturally acute eyesight. (SInv)
You cover ground extremely quickly. (Speed+++)


Message History

The hobgoblin is severely wounded.
The rat squeaks loudly.
The sting misses the quokka.
A ball python comes into view.
The sting hits the ball python.
The ball python is poisoned.
You kill the ball python!
The sting hits the hobgoblin.
The hobgoblin looks even sicker.
You kill the hobgoblin!
You are out of magic!
You are out of magic!
You are out of magic!
The quokka bites you but does no damage.
A rat comes into view.
The rat squeaks loudly.
You hit the quokka.
The quokka is heavily wounded.
The quokka bites you. The rat barely misses you.
A hobgoblin comes into view.
You hit the quokka but do no damage.
The quokka is heavily wounded.
The quokka bites you. The rat misses you.
A hobgoblin comes into view.
The hobgoblin shouts!
You hit the quokka but do no damage.
The quokka is heavily wounded.
The quokka bites you.
* * * LOW HITPOINT WARNING * * *
The rat misses you. The quokka barely misses you.
You are too injured to fight recklessly!
You are too injured to fight recklessly!
Magic courses through your body.
Casting: Sting (safe; 9% risk of failure)
Confirm with . or Enter, or press ? or * to list all spells.
Aiming: Sting (safe; 9% risk of failure)
Press: ? - help, Shift-Dir - straight line, f - quokka
Aim: a quokka (moderately wounded, 56% to hit)
The sting hits the quokka.
The quokka is poisoned.
The quokka is heavily wounded.
The quokka bites you.
You die...

#.###########.
#.............
#################.#######
#.........##......#......
#.......†##.#..##..#.....
..#..#..#.##...........#
##...@.##.........##.. #
##..rr...##.#...<..... #.
#..r.#...#.##.#.......
#..#...###..#.#.......#..
#†g......##.#....#.....
#†.......#.###.......#[
..#........# ...###.....
#.##...#......... ......
#. ##g....#...... ##...#.


You could see a quokka (poisoned), a hobgoblin and 2 rats.

Vanquished Creatures
  A ball python (D:1)
  A hobgoblin (D:1)
  A bat (D:1)
  A rat (D:1)
4 creatures vanquished.

Notes
Turn   | Place    | Note
-------+----------+-------------------------------------------
     0 | D:1      | PriceMaster the Spriggan Alchemist began the quest for the
                  | Orb.
     0 | D:1      | Reached XP level 1. HP: 9/9 MP: 5/5
    71 | D:1      | Slain by a quokka

Illustrated notes

Levels and vault maps discovered:
D:1:      matt_arrival_debris, layout_loops_ring

Action                     || total
---------------------------++-------
  Melee: Unarmed           ||     3
   Cast: Sting             ||     7
    Use: Potion            ||     1
 Armour: Robe              ||     5
  Dodge: Dodged            ||     4

Table legend: (Time is in decaauts)
 A = Elapsed time spent in this place.
 B = Non-inter-level travel time spent in this place.
 C = Inter-level travel time spent in this place.
 D = Time resting spent in this place.
 E = Time spent auto-exploring this place.
 F = Levels seen in this place.
 G = Mean time per level.
                   A        B        C        D        E       F      G
               +--------+--------+--------+--------+--------+-----+--------+
         Total |     52 |     52 |      0 |      0 |     34 |   1 |   52.0 |
       Dungeon |     52 |     52 |      0 |      0 |     34 |   1 |   52.0 |
               +--------+--------+--------+--------+--------+-----+--------+

Top non-repeatable levels by time:
     D:1: 52 daAuts
